 Bloatcrawl 2 version 0.50.1-497-g763ebf1 (webtiles) character file.

Game seed: 2480312297672004484, levelgen mode: deterministic

852 Dorkslayer the Slasher (level 8, -4/54 HPs)
             Began as an Angel Paladin on Nov 30, 2020.
             Was a Believer of the Shining One.
             Killed by divine providence
             ... invoked by an orc priest
              (14 damage)
             ... on level 5 of the Dungeon on Dec 1, 2020.
             The game lasted 00:12:43 (3238 turns).

Dorkslayer the Slasher (Angel Paladin)              Turns: 3238, Time: 00:12:43

Health: -4/54      AC: 13    Str: 14    XL:     8   Next: 1%
Magic:  9/11       EV:  9    Int: 12    God:    the Shining One [**....]
Gold:   235        SH:  7    Dex: 20    Spells: 7/7 levels left Game modifiers: x1.5 XP

rFire   . . .      SeeInvis +    a - +1 falchion (holy)
rCold   . . .      Gourm    .    (no shield)
rNeg    + . .      Faith    .    b - +0 chain mail
rPois   +          Spirit   .    (no helmet)
rElec   +          Reflect  .    l - +0 cloak
rCorr   .          Harm     .    (no gloves)
MR      .....                    G - +0 pair of boots
Stlth   ..........               D - amulet of the acrobat
HPRegen 0.18/turn                m - +2 ring of protection
MPRegen 0.12/turn                f - +2 ring of evasion

@: divine shield, glowing
A: flight, see invisible, poison resistance, electricity resistance
a: Fly, Divine Shield, Renounce Religion


You were on level 5 of the Dungeon.
You worshipped the Shining One.
The Shining One was pleased with you.
You were not hungry.

You visited 1 branch of the dungeon, and saw 5 of its levels.
You also visited: Sewer.

You collected 235 gold pieces.

Inventory:

Hand Weapons
 a - a +1 falchion of holy wrath (weapon)
Missiles
 y - 15 poisoned darts (quivered)
Armour
 b - a +0 chain mail (worn)
 l - a +0 cloak (worn)
 z - a +0 tower shield
 G - a +0 pair of boots (worn)
Jewellery
 f - a +2 ring of evasion (right hand)
 m - a +2 ring of protection (left hand)
 p - an uncursed ring of resist corrosion
 q - an uncursed ring of positive energy
 D - an amulet of the acrobat (around neck)
Wands
 x - a wand of paralysis (8)
 F - a wand of iceblast (8)
Scrolls
 e - a scroll of enchant armour {unknown}
 g - a scroll of enchant weapon {unknown}
 h - a scroll of remove curse {unknown}
 k - 2 scrolls of teleportation
 n - a scroll of immolation {unknown}
 r - a scroll of fear {unknown}
 v - a scroll of noise
 w - a scroll of magic mapping
 C - 4 scrolls of amnesia {unknown}
Potions
 i - a potion of brilliance
 j - a potion of magic
 o - 4 potions of heal wounds
 s - a potion of cancellation
 t - a potion of might
 u - 3 potions of curing
 A - a potion of mutation {unknown}
 B - a potion of haste {unknown}
 E - a potion of berserk rage {unknown}
Comestibles
 c - 2 rations


   Skills:
 + Level 4.1 Fighting
 + Level 5.1 Long Blades
 + Level 2.6 Armour
 + Level 3.0 Dodging
 * Level 4.7 Invocations
 * Level 1.7 Evocations


You had 7 spell levels left.
You didn't know any spells.
Your spell library contained the following spells:

 Spells                   Type           Power        Failure   Level  Hunger
 Animate Skeleton         Necr           N/A          100%        1    ##.....
 Pain                     Necr           #...         100%        1    ##.....
 Vampiric Draining        Necr           #.........   100%        3    ####...
 Animate Dead             Necr           N/A          100%        4    #####..
 Agony                    Necr           #.......     100%        5    ######.


Dungeon Overview and Level Annotations

Branches:
Dungeon (5/15)             Temple (0/1) D:4           Sewer (visited)

Altars:
Elyvilon
Wu Jian
Yredelemnul
The Shining One


Innate Abilities, Weirdness & Mutations

You can fly at any time.
You have supernaturally acute eyesight. (SInv)
Your system is resistant to poisons. (rPois)
You are resistant to electric shocks. (rElec)


Message History

The orc priest hits you but does no damage.
You hit the orc priest but do no damage.
The orc priest is moderately wounded.
The orc priest hits you but does no damage.
You hit the orc priest.
The orc priest is moderately wounded.
The orc priest hits you but does no damage.
You hit the orc priest but do no damage.
The orc priest is moderately wounded.
The orc priest mumbles some strange prayers to Beogh against you.
Beogh smites you!
* * * LOW HITPOINT WARNING * * *
You hit the orc priest.
The orc priest is heavily wounded.
The orc priest hits you but does no damage.
You hit the orc priest.
The orc priest is severely wounded.
The orc priest mumbles some strange prayers to Beogh against you.
Beogh smites you!
You die...

############
#..........#
#..........#
#..........#
#..........#
#..........#
#..........#
#..........#
#####@##.###
#o##.#
#o##.###
#.##..<#
#.####.# #.#
#.# #.# #.#
#.# #.# #.#


You could see an orc priest and an orc wizard.

Vanquished Creatures
  Purgy (Sewer)
  A crimson imp (D:5)
  3 orc wizards
  2 hounds (D:4)
  Ijyb (D:4)
  Terence (D:2)
  A worker ant (D:4)
  10 adders
  3 oozes
  An adder skeleton (D:4)
  2 worms
  4 dart slugs
  6 leopard geckos
  6 orcs
  2 ball pythons
  15 bats
  5 giant cockroaches
  6 goblins
  10 hobgoblins
  7 jackals (D:3)
  A quokka (D:3)
  3 frilled lizards
  8 kobolds
  3 rats (D:1)
102 creatures vanquished.

Vanquished Creatures (others)
  A jackal (D:3)
1 creature vanquished.

Grand Total: 103 creatures vanquished

Notes
Turn   | Place    | Note
-------+----------+-------------------------------------------
     0 | D:1      | Dorkslayer the Angel Paladin began the quest for the Orb.
     0 | D:1      | Reached XP level 1. HP: 16/16 MP: 2/2
    22 | D:1      | Reached skill level 1 in Armour
    68 | D:1      | Reached XP level 2. HP: 16/21 MP: 3/3
   230 | D:1      | Reached XP level 3. HP: 26/26 MP: 5/5
   497 | D:1      | Reached XP level 4. HP: 30/31 MP: 6/6
   800 | D:2      | Reached skill level 3 in Long Blades
   824 | D:2      | Noticed Terence
   846 | D:2      | Killed Terence
   846 | D:2      | Reached XP level 5. HP: 23/36 MP: 7/7
  1335 | D:3      | Found a white marble altar of Elyvilon.
  1441 | D:3      | Found a faded altar of an unknown god.
  1602 | D:3      | Found a white marble altar of Elyvilon.
  1855 | D:3      | Reached XP level 6. HP: 35/43 MP: 8/8
  2184 | D:4      | Found a glowing drain.
  2201 | D:4      | Reached skill level 4 in Long Blades
  2218 | Sewer    | Entered a sewer
  2252 | Sewer    | Noticed Purgy
  2275 | Sewer    | Killed Purgy
  2275 | Sewer    | Gained mutation: You are resistant to electric shocks.
                  | (rElec) [Angel growth]
  2275 | Sewer    | Reached XP level 7. HP: 32/47 MP: 9/9
  2384 | D:4      | Noticed Ijyb
  2400 | D:4      | Killed Ijyb
  2400 | D:4      | Reached skill level 1 in Evocations
  2549 | D:4      | Reached ** piety under the Shining One
  2580 | D:4      | Found a faded altar of an unknown god.
  2580 | D:4      | Found a faded altar of an unknown god.
  2586 | D:4      | Found a basalt altar of Yredelemnul.
  2588 | D:4      | Found a glowing golden altar of the Shining One.
  2589 | D:4      | Found an ornate altar of the Wu Jian Council.
  2725 | D:4      | Found a staircase to the Ecumenical Temple.
  3197 | D:5      | Entered Level 5 of the Dungeon
  3221 | D:5      | Reached skill level 5 in Long Blades
  3230 | D:5      | Reached XP level 8. HP: 22/54 MP: 8/11
  3238 | D:5      | Killed from afar by an orc priest

Levels and vault maps discovered:
D:1:      dpeg_arrival_rooms_with_view, layout_loops_ring
D:2:      layout_rooms, minmay_door_square, uniq_terence
D:3:      layout_loops_ring, nicolae_overflow_hidden_temple,
          chequers_ecumenical_altar_simple, corexii_item_surrounded_by_moat,
          dk_noncrumbling_3, skrybe_limestone_x, minmay_fountain_box,
          elyvilon_altar_4
D:4:      layout_loops_corners, chequers_temple_overflow_minitemple,
          minmay_temple_entry_ruins, gup_sewer_entry_glass, uniq_ijyb
D:5:      layout_rooms, first_ration, guppyfry_early_orc_mine, uniq_grinder

Skill      XL: |  1  2  3  4  5  6  7 |
---------------+----------------------+-----
Armour         | 1 2 |  2.6
Invocations    | 3 4 |  4.7
Long Blades    | 3 4 5 |  5.1
Fighting       | 4 |  4.1
Evocations     | 1 |  1.7
Dodging        | 3 |  3.0

Action                   |  1- 3 |  4- 6 |  7- 9 || total
-------------------------+-------+-------+-------++-------
Melee: Falchion          |    64 |   218 |   110 ||   392
Invok: Divine Shield     |       |       |     1 ||     1
 Abil: Fly               |       |     1 |       ||     1
       Stop Flying       |       |       |     1 ||     1
  Use: Scroll            |       |     8 |     1 ||     9
  Eat: Chunk             |       |     4 |     1 ||     5
       Ration            |       |     1 |       ||     1
Armor: Chain mail        |    49 |   164 |    68 ||   281
Dodge: Dodged            |    19 |   112 |    50 ||   181
Block: Other             |       |       |     4 ||     4
       Rpst.: Falchion   |     7 |    23 |    14 ||    44
